 Dungeon Crawl Stone Soup version 0.20.1-1-g8b1a95d (webtiles) character file.

210 Folque the Magician (level 5, -1/34 HPs)
             Began as an Octopode Wizard on Dec 8, 2017.
             Blown up by Ijyb (21 damage)
             ... with a wand of disintegration (?/24)
             ... on level 3 of the Dungeon.
             The game lasted 00:06:39 (1896 turns).

Folque the Magician (Octopode Wizard)               Turns: 1896, Time: 00:06:40

Health: -1/34      AC:  1    Str:  6    XL:     5   Next: 88%
Magic:  8/11       EV: 13    Int: 22    God:
Gold:   80         SH:  0    Dex: 10    Spells: 4/12 levels left

rFire    . . .     SeeInvis .   f - +0 scythe
rCold    . . .     Gourm    .   (shield currently unavailable)
rNeg     . . .     Faith    .   a - +0 hat
rPois    +         Spirit   .   (no amulet)
rElec    .         Reflect  .   h - ring of poison resistance
rCorr    .         Harm     .   (no ring)
MR       .....                  (no ring)
Stlth    +++.......             (no ring)
Regen    0.2/turn               (no ring)
MPRegen  0.2/turn               (no ring)
                                (no ring)
                                (no ring)

@: no status effects
A: almost no armour, stealthy swim, amphibious, 8 rings, constrict 8, camouflage
1, gelatinous body 1
a: no special abilities


You were on level 3 of the Dungeon.
You were very hungry.

You visited 1 branch of the dungeon, and saw 3 of its levels.

You collected 80 gold pieces.

Inventory:

Hand Weapons
 e - a +0 dagger
 f - a +0 scythe (weapon)
 n - a +1 short sword of holy wrath
Armour
 a - a +0 hat (worn)
 t - a +0 buckler
Jewellery
 h - a ring of poison resistance (left tentacle)
 m - an uncursed ring of wizardry {unknown}
Scrolls
 i - 2 scrolls of amnesia {unknown}
 j - a scroll of recharging {unknown}
 o - a scroll of identify
 p - a scroll of teleportation {unknown}
 s - 3 scrolls of noise {unknown}
Potions
 k - a potion of brilliance {unknown}
 q - a potion of cancellation {unknown}
 r - a potion of haste {unknown}
Books
 b - a book of Minor Magic

   Spells                             Type                      Level
   a - Magic Dart                     Conjuration                  1
   b - Blink                          Translocation                2
   c - Call Imp                       Summoning                    2
   d - Slow                           Hexes                        2
   e - Conjure Flame                  Conjuration/Fire             3
   f - Mephitic Cloud                 Conjuration/Poison/Air       3
Comestibles
 c - 4 bread rations
 g - a meat ration
 l - 2 fruits


   Skills:
 - Level 2.0 Fighting
 - Level 2.0 Dodging
 + Level 2.8 Stealth
 - Level 4.0 Spellcasting
 * Level 2.3 Conjurations
 - Level 1.0 Summonings
 - Level 1.0 Translocations
 + Level 3.8 Poison Magic


You had 4 spell levels left.
You knew the following spells:

 Your Spells              Type           Power        Failure   Level  Hunger
a - Magic Dart            Conj           ##..         4%          1    None
b - Call Imp              Summ           #.......     11%         2    #......
c - Blink                 Tloc           N/A          11%         2    #......
d - Mephitic Cloud        Conj/Pois/Air  ##......     14%         3    ###....


Dungeon Overview and Level Annotations

Branches:
Dungeon (3/15)

Altars:
Gozag

Annotations:
D:3 Ijyb


Innate Abilities, Weirdness & Mutations

You cannot wear most types of armour.
You are very stealthy in the water. (Stealth+)
You are amphibious.
You can wear up to eight rings at the same time.
You can use your tentacles to constrict eight enemies at once.
Your skin changes colour to match your surroundings (Stealth+).
Your rubbery body absorbs attacks. (AC +1, EV +1)


Message History

You reach to attack!
You hit Ijyb but do no damage.
Ijyb is almost dead.
Ijyb zaps a wand.
Your crimson imp is blasted.
Your crimson imp hits Ijyb but does no damage.
Ijyb zaps a wand.
Your crimson imp is blasted.
Your crimson imp is blown up!
Attack whom?
Press: ? - help, Dir - move target cursor, f/p - Ijyb
Aim: Ijyb, wielding a dagger of holy wrath, wearing a chain mail and carrying a wand of disintegration (?/24) {zapped: 4} (almost dead)
You reach to attack!
You hit Ijyb but do no damage.
Ijyb is almost dead.
Ijyb hits you but does no damage.
You hit Ijyb but do no damage. Your grab misses Ijyb.
Ijyb is severely wounded.
Ijyb grins evilly.
Ijyb zaps a wand.
You are blasted!
Ouch! That really hurt!
You die...

##########
.........#####
........bg.)>#
.........###b#
..........#
#g#
...s.....S#
#@#
..........#
#.#
..........#
#.#
........og#
#.#
..........#
#.#
..........#
#.#
..........#
#.#
..........#
#.#
..........#
#.#


You could see Ijyb and a bat.

Vanquished Creatures
  Sigmund (D:2)
  An ooze (D:2)
  A worm (D:2)
  A dart slug (D:1)
  A leopard gecko (D:1)
  An orc (D:3)
  2 giant cockroaches
  7 goblins
  5 hobgoblins
  5 kobolds (D:1)
  A quokka (D:2)
  A ball python (D:2)
  5 bats (D:1)
  6 frilled lizards
  2 rats (D:2)
40 creatures vanquished.

Vanquished Creatures (collateral kills)
  2 adders
  A bat (D:1)
  A kobold (D:1)
4 creatures vanquished.

Grand Total: 44 creatures vanquished

Notes
Turn   | Place    | Note
-------+----------+-------------------------------------------
     0 | D:1      | Folque the Octopode Wizard began the quest for the Orb.
     0 | D:1      | Reached XP level 1. HP: 11/11 MP: 4/4
    36 | D:1      | Reached skill level 1 in Fighting
    82 | D:1      | Reached XP level 2. HP: 17/18 MP: 3/6
   497 | D:1      | Learned a level 2 spell: Call Imp
   508 | D:1      | Learned a level 2 spell: Blink
   603 | D:1      | Reached XP level 3. HP: 21/24 MP: 7/7
   608 | D:1      | Learned a level 3 spell: Mephitic Cloud
  1113 | D:2      | Found an opulent altar of Gozag.
  1147 | D:2      | Noticed Sigmund
  1170 | D:2      | Killed Sigmund
  1170 | D:2      | Reached skill level 4 in Spellcasting
  1170 | D:2      | Reached XP level 4. HP: 29/29 MP: 2/10
  1170 | D:2      | Reached XP level 5. HP: 34/34 MP: 2/11
  1865 | D:3      | Noticed Ijyb
  1896 | D:3      | Blown up by Ijyb

Skill      XL: |  1  2  3 |
---------------+----------+-----
Fighting       | 1 2 |  2.0
Spellcasting   | 4 |  4.0
Conjurations   | 2 |  2.3
Poison Magic   | 3 |  3.8
Dodging        | |  2.0
Stealth        | |  2.8
Summonings     | |  1.0
Translocations | |  1.0

Action                   |  1- 3 |  4- 6 || total
-------------------------+-------+-------++-------
Melee: Unarmed           |    11 |       ||    11
       Constrict         |    18 |     4 ||    22
       Tentacles         |     6 |     2 ||     8
       Dagger            |    49 |       ||    49
       Short sword       |    10 |     8 ||    18
       Scythe            |       |    13 ||    13
 Cast: Magic Dart        |    40 |     1 ||    41
       Call Imp          |     2 |     3 ||     5
       Mephitic Cloud    |     2 |     1 ||     3
  Use: Scroll            |     2 |       ||     2
 Stab: Sleeping          |     8 |     2 ||    10
  Eat: Chunk             |     1 |     1 ||     2
Armor: Skin              |     8 |     5 ||    13
Dodge: Dodged            |    44 |    21 ||    65
